 Dungeon Crawl Stone Soup version 0.21.1-1-g345015fe64 (webtiles) character file.

965 Peloso the Slasher (level 7, 0/62 HPs)
             Began as a Minotaur Fighter on Mar 31, 2018.
             Killed by nerve-wracking pain
             ... invoked by Grinder
              (12 damage)
             ... on level 5 of the Dungeon.
             The game lasted 00:08:08 (3480 turns).

Peloso the Slasher (Minotaur Fighter)               Turns: 3480, Time: 00:08:09

Health: 0/62       AC: 12    Str: 21    XL:     7   Next: 93%
Magic:  6/6        EV:  5    Int:  5    God:
Gold:   163        SH: 11    Dex: 11    Spells: 6/6 levels left

rFire    . . .     SeeInvis .   a - +1 long sword
rCold    + . .     Gourm    .   c - +1 shield
rNeg     . . .     Faith    .   s - +0 plate armour
rPois    .         Spirit   .   (helmet restricted)
rElec    .         Reflect  .   (no cloak)
rCorr    .         Harm     .   (no gloves)
MR       .....                  (no boots)
Stlth    ..........             (no amulet)
HPRegen  0.20/turn              o - ring of protection from cold
MPRegen  0.10/turn              (no ring)

@: lethally poisoned (0 -> -1)
A: retaliatory headbutt, horns 2
a: no special abilities


You were on level 5 of the Dungeon.
You were not hungry.

You visited 1 branch of the dungeon, and saw 5 of its levels.

You collected 213 gold pieces.
You spent 50 gold pieces at shops.

Inventory:

Hand Weapons
 a - a +1 long sword (weapon)
Armour
 c - a +1 shield (worn)
 s - a +0 plate armour (worn)
Jewellery
 o - a ring of protection from cold (left hand)
 v - a +1 ring of evasion {unknown}
Wands
 b - a wand of flame (30)
 w - a wand of iceblast (11)
Scrolls
 h - 11 scrolls of identify
 i - a scroll of fear {unknown}
 l - 2 scrolls of fog
 n - 3 scrolls of remove curse
 p - 5 scrolls of enchant weapon
 u - a scroll of magic mapping {unknown}
Potions
 d - 4 potions of might
 e - a potion of cancellation
 g - 3 potions of curing {unknown}
 j - a potion of magic {unknown}
 k - 2 potions of heal wounds
 m - a potion of degeneration {unknown}
 q - a potion of brilliance {unknown}
 r - a potion of lignification {unknown}
 t - 2 potions of agility {unknown}
Comestibles
 f - 8 rations


   Skills:
 + Level 5.9 Fighting
 + Level 6.9 Long Blades
 + Level 6.0 Armour
 + Level 1.5 Dodging
 + Level 6.2 Shields
 + Level 0.2 Evocations


You had 6 spell levels left.
You didn't know any spells.

Dungeon Overview and Level Annotations

Branches:
Dungeon (5/15)
 Temple: D:4-7

Altars:
Hepliaklqana

Shops:
D:4 !

Annotations:
D:5 1 runed door, Grinder


Innate Abilities, Weirdness & Mutations

You reflexively headbutt those who attack you in melee.
You have a pair of horns on your head.


Message History

You furiously retaliate!
You headbutt the shadow imp. You hit Grinder but do no damage.
Grinder is almost dead.
You feel sick.
The leopard gecko bites you but does no damage.
You block the worker ant's attack.
Grinder blinks!
The leopard gecko bites you but does no damage.
The shadow imp hits you but does no damage.
You block the leopard gecko's attack. Grinder gestures at you.
Pain shoots through your body!
* * * LOW HITPOINT WARNING * * *
The shadow imp closely misses you. You furiously retaliate!
You headbutt the shadow imp. You block the worker ant's attack.
The shadow imp hits you but does no damage.
There is an open door here.
You feel sick. Grinder gestures at you. Pain shoots through your body!
You die...

.#..# ..........#
.#..# ..........#
.#..# ..........#
....# ..........#
#...# ....$.....#
#...# ..........#
##..# ......5ra.#
##..# #######l###
...># #@# ##.##
#5# #.# #.# ###
#.#
################.#
.................#
##################


You could see Grinder, a worker ant, a shadow imp, a leopard gecko and a quokka.

Vanquished Creatures
  A sky beast (D:5)
  An ogre (D:4)
  A phantom (D:4)
  2 bullfrogs (D:5)
  2 scorpions (D:5)
  A howler monkey (D:4)
  2 crimson imps (D:5)
  A bullfrog skeleton (D:5)
  A hound (D:5)
  An iguana (D:5)
  An orc wizard (D:4)
  A hound zombie (D:5)
  3 gnolls (D:5)
  A howler monkey skeleton (D:5)
  7 adders
  2 river rats (D:3)
  A shadow imp (D:5)
  2 oozes
  An adder skeleton (D:4)
  A worm (D:2)
  3 dart slugs
  4 leopard geckos
  12 orcs
  6 ball pythons
  4 bats
  7 giant cockroaches
  7 goblins
  6 hobgoblins
  5 jackals
  8 kobolds
  2 quokkas
  5 frilled lizards
  A jackal skeleton (D:4)
  A jackal zombie (D:5)
  8 rats
112 creatures vanquished.

Notes
Turn   | Place    | Note
-------+----------+-------------------------------------------
     0 | D:1      | Peloso the Minotaur Fighter began the quest for the Orb.
     0 | D:1      | Reached XP level 1. HP: 19/19 MP: 0/0
    36 | D:1      | Reached XP level 2. HP: 27/27 MP: 1/1
   234 | D:1      | Reached XP level 3. HP: 33/33 MP: 2/2
   463 | D:2      | Found a hazy altar of Hepliaklqana.
   788 | D:2      | Reached XP level 4. HP: 33/41 MP: 3/3
  1835 | D:4      | Reached XP level 5. HP: 47/47 MP: 4/4
  1873 | D:4      | Noticed a phantom
  1936 | D:4      | Killed a phantom
  1936 | D:4      | Reached skill level 5 in Shields
  1959 | D:4      | Reached skill level 5 in Long Blades
  2227 | D:4      | Reached skill level 1 in Dodging
  2227 | D:4      | Reached XP level 6. HP: 55/55 MP: 5/5
  2234 | D:4      | Found Mekkesak's Distillery.
  2274 | D:4      | Bought a potion of heal wounds for 50 gold pieces
  2306 | D:4      | Reached skill level 5 in Fighting
  2508 | D:5      | Entered Level 5 of the Dungeon
  2525 | D:5      | Reached skill level 5 in Armour
  2637 | D:5      | Reached XP level 7. HP: 60/61 MP: 6/6
  3313 | D:5      | Found a runed door.
  3460 | D:5      | Noticed Grinder
  3470 | D:5      | Paralysed by Grinder for 5 turns
  3480 | D:5      | Killed from afar by Grinder

Skill      XL: |  1  2  3  4  5  6  7 |
---------------+----------------------+-----
Fighting       | 4 5 |  5.9
Shields        | 4 5 6 |  6.2
Armour         | 4 5 6 |  6.0
Long Blades    | 3 4 5 6 |  6.9
Dodging        | 1 |  1.5
Evocations     | |  0.2

Action                   |  1- 3 |  4- 6 |  7- 9 || total
-------------------------+-------+-------+-------++-------
Melee: Long sword        |    75 |   164 |    88 ||   327
       Headbutt          |     8 |    31 |    15 ||    54
Evoke: Wand              |       |     2 |       ||     2
  Use: Scroll            |       |     9 |       ||     9
       Potion            |       |       |     1 ||     1
  Eat: Chunk             |       |     6 |       ||     6
       Ration            |       |       |     1 ||     1
Armor: Scale mail        |    30 |       |       ||    30
       Chain mail        |       |    68 |       ||    68
       Plate armour      |       |    46 |    80 ||   126
Dodge: Dodged            |    29 |    45 |    25 ||    99
Block: Shield            |    39 |   113 |    49 ||   201
       Rpst.: Long sword |    11 |    18 |     9 ||    38
